AoeStats
← Ramboso

Hideout

508673205Analyzed
1v1 RM · 8d ago on Sep 23, 2026· 40m 28s· 2 players
Game mode
Random Map
Map size
Tiny (2 player)
Population
200
Speed
Normal
Resources
Standard
Victory
Conquest
Starting age
Dark Age
Ending age
Imperial Age
RankedLock teamsTeams togetherTeam positionsShared explorationLock speedFull tech treeHidden civsTurbo modeCheats
Victory
Defeat
🇷🇴 Danes · Romania
952
+17
🇮🇹 Mongols · Italy
967
-17
benidobre
11:00 Feudal Age
11:59 Double-Bit Axe
15:01 Castle Age
16:46 Wheelbarrow
16:27 Bow Saw
19:12 Horse Collar
20:40 Hand Cart
20:18 Loom
20:20 Town Watch
22:13 Heavy Plow
27:56 Imperial Age
26:43 Gold Mining
28:02 Onager
29:31 Scale Mail Armor
30:11 Squires
30:42 Chain Mail Armor
33:41 Fletching
34:36 Ballistics
34:17 Bodkin Arrow
35:19 Elite Jomsviking
36:35 Hoardings
39:25 Siege Engineers
39:18 Murder Holes
39:13 Elite Varangian Guard
Ramboso
5:09 Loom
8:29 Feudal Age
9:57 Double-Bit Axe
16:48 Castle Age
14:50 Horse Collar
15:28 Stone Mining
18:16 Bow Saw
18:08 Heavy Plow
20:22 Fletching
21:19 Padded Archer Armor
21:16 Gold Mining
24:07 Bloodlines
24:01 Husbandry
24:15 Bodkin Arrow
27:16 Gold Shaft Mining
34:49 Imperial Age
32:55 Wheelbarrow
34:38 Forging
34:34 Scale Barding Armor
39:44 Ballistics
40:24 Chemistry
40:01 Padded Archer Armor
Connection lost

Rejoining the realm…

Still unreachable

The connection could not be restored.

Session expired

The server has moved on; the page needs a fresh start.